 Dungeon Crawl Stone Soup version 0.30-a0-358-g0d69a1922f (webtiles) character file.

Game seed: 11075933722000894818

145 Maxmaps the Cudgeller (level 5, 0/54 HPs)
             Began as an Ogre Monk on Nov 8, 2022.
             Slain by a hobgoblin (2 damage)
             ... on level 3 of the Dungeon.
             The game lasted 00:01:55 (2480 turns).

Maxmaps the Cudgeller (Ogre Monk)                   Turns: 2480, Time: 00:01:56

Health: 0/54       AC:  3    Str: 15    XL:     5   Next: 27%
Magic:  5/5        EV: 10    Int: 13    God:
Gold:   112        SH:  0    Dex: 11    Spells: 4/4 levels left

rFire   . . .      SeeInvis .    m - staff of air
rCold   . . .      Faith    .    (no shield)
rNeg    . . .      Spirit   .    b - +0 robe
rPois   .          Reflect  .    (helmet restricted)
rElec   +          Harm     .    (no cloak)
rCorr   .          Rampage  .    (gloves unavailable)
Will    .....                    (boots unavailable)
Stlth   ++........               (no amulet)
HPRegen 0.29/turn                (no ring)
MPRegen 0.09/turn                (no ring)

@: no status effects
A: large, unfitting armour, tough skin 1
a: no special abilities


You were on level 3 of the Dungeon.
You visited 1 branch of the dungeon, and saw 3 of its levels.

You collected 112 gold pieces.

Inventory:

Hand Weapons
 a - a +0 mace
Armour
 b - a +0 robe (worn)
Magical Staves
 m - a staff of air (weapon)
Scrolls
 e - a scroll of poison {unknown}
 g - 2 scrolls of fear {unknown}
 j - a scroll of blinking {unknown}
 k - 5 scrolls of identify {unknown}
 n - a scroll of silence {unknown}
Potions
 c - a potion of ambrosia
 d - a potion of brilliance {unknown}
 f - a potion of heal wounds
 h - 4 potions of degeneration {unknown}
 i - 3 potions of berserk rage {unknown}
 l - a potion of lignification {unknown}


   Skills:
 - Level 4.0 Fighting
 + Level 5.3 Maces & Flails
 - Level 2.6 Dodging
 - Level 1.4 Stealth


You had 4 spell levels left.
You didn't know any spells.
Your spell library contained the following spells:

 Spells                   Type           Power      Damage    Failure   Level
 Ignite Poison            Fire/Tmut/Pois 0%         N/A       67%         3
 Sticky Flame             Conj/Fire      0%         2d3       97%         4
 Ignition                 Fire           0%         3d3       100%        8


Dungeon Overview and Level Annotations

Branches:
Dungeon (3/15)

Altars:


Innate Abilities, Weirdness & Mutations

You are too large for most types of armour.
You have tough skin. (AC +1)


Message History

The adder is severely wounded.
You feel very sick. The adder barely misses you. The adder bites you.
The frilled lizard closely misses you. The hobgoblin misses you.
Unknown command.
You miss the adder.
The adder is severely wounded.
You feel sick. The adder bites you. The frilled lizard closely misses you.
The hobgoblin closely misses you.
You closely miss the adder.
The adder is severely wounded.
You feel sick. The adder barely misses you.
The frilled lizard barely misses you. The hobgoblin hits you.
Unknown command.
You hit the adder but do no damage. Your punch misses the adder.
The adder is severely wounded.
You feel sick. The adder bites you.
* * * LOW HITPOINT WARNING * * *
The adder bites you but does no damage.
The hobgoblin hits you but does no damage.
The frilled lizard closely misses you.
You hit the adder.
You kill the adder!
You feel sick. The hobgoblin hits you.
* * * LOW HITPOINT WARNING * * *
The frilled lizard barely misses you.
You hit the frilled lizard.
You kill the frilled lizard!
You feel sick.
The hobgoblin hits you but does no damage.
You hit the hobgoblin but do no damage.
You feel sick. The hobgoblin hits you.
* * * LOW HITPOINT WARNING * * *
You completely miss the hobgoblin.
You feel sick. The hobgoblin closely misses you.
You completely miss the hobgoblin.
You feel sick.
You are no longer poisoned.
The hobgoblin hits you.
* * * LOW HITPOINT WARNING * * *
You barely miss the hobgoblin. The hobgoblin hits you.
You die...

#......#
#......#
#...... #.....
###
###.......$?
####.....#.....
......g†.......
#...@.# #.....#
#.....# #.....#
####.....#
#####
#........#
####....
#....#####
#.....## #....#
#....... ####
#....# #.......


You could see a hobgoblin.

Vanquished Creatures
  Jessica (D:3)
  5 adders
  2 worms (D:2)
  4 dart slugs
  4 endoplasms
  3 giant cockroaches (D:1)
  6 goblins
  5 hobgoblins
  A quokka (D:2)
  9 ball pythons
  5 bats
  3 frilled lizards
  4 kobolds
  8 rats
60 creatures vanquished.

Notes
Turn   | Place    | Note
-------+----------+-------------------------------------------
     0 | D:1      | Maxmaps the Ogre Monk began the quest for the Orb.
     0 | D:1      | Reached XP level 1. HP: 24/24 MP: 1/1
    47 | D:1      | Reached skill level 3 in Maces & Flails
    86 | D:1      | Reached XP level 2. HP: 17/32 MP: 2/2
   224 | D:1      | Found a faded altar of an unknown god.
   490 | D:1      | Reached XP level 3. HP: 39/39 MP: 3/3
   927 | D:2      | Reached skill level 4 in Maces & Flails
  1159 | D:2      | Reached XP level 4. HP: 5/48 MP: 4/4
  1797 | D:3      | Noticed Jessica
  1813 | D:3      | Killed Jessica
  1989 | D:3      | Reached skill level 5 in Maces & Flails
  2126 | D:3      | Reached XP level 5. HP: 16/54 MP: 5/5
  2479 | D:3      | HP: 2/54 [hobgoblin (3)]
  2480 | D:3      | Slain by a hobgoblin

Illustrated notes

Levels and vault maps discovered:
D:1:      minmay_arrival_statue_studded, layout_basic,
          shapermc_ecumenical_altar_starsandcircs, minmay_misc_feat_more_columns
D:2:      layout_basic, minmay_indecisive_spiral
D:3:      layout_basic, uniq_jessica

Skill      XL: |  1  2  3  4 |
---------------+-------------+-----
Maces & Flails | 3 4 5 |  5.3
Fighting       | |  4.0
Dodging        | |  2.6
Stealth        | |  1.4

Action                   |  1- 3 |  4- 6 || total
-------------------------+-------+-------++-------
Melee: Mace              |   158 |    21 ||   179
       Staff             |       |   116 ||   116
  Use: Potion            |     2 |       ||     2
 Stab: Sleeping          |     5 |       ||     5
Armor: Robe              |    84 |    35 ||   119
Dodge: Dodged            |   127 |    82 ||   209

Table legend: (Time is in decaauts)
 A = Elapsed time spent in this place.
 B = Non-inter-level travel time spent in this place.
 C = Inter-level travel time spent in this place.
 D = Time resting spent in this place.
 E = Time spent auto-exploring this place.
 F = Levels seen in this place.
 G = Mean time per level.
                   A        B        C        D        E       F      G
               +--------+--------+--------+--------+--------+-----+--------+
         Total |   2506 |   2431 |     75 |    597 |   1292 |   3 |  835.3 |
       Dungeon |   2506 |   2431 |     75 |    597 |   1292 |   3 |  835.3 |
               +--------+--------+--------+--------+--------+-----+--------+

Top non-repeatable levels by time:
     D:3: 848 daAuts
     D:2: 830 daAuts
     D:1: 827 daAuts
